 Dungeon Crawl Stone Soup version 0.19-a0-1007-g133f65f (webtiles) character file.

1793 Implojin the Grappler (level 8, -3/74 HPs)
             Began as a Troll Fighter on July 19, 2016.
             Was a Believer of Hepliaklqana.
             Slain by a cyan ugly thing (15 damage)
             ... on level 14 of the Dungeon.
             The game lasted 00:10:25 (1359 turns).

Implojin the Grappler (Troll Fighter)               Turns: 1359, Time: 00:10:26

Health: -3/74      AC:  5    Str: 25    XL:     8   Next: 82%
Magic:  6/7        EV:  8    Int:  4    God:    Hepliaklqana [**....]
Gold:   92         SH:  9    Dex: 11    Spells: 0 memorised, 7 levels left

rFire  . . .     SeeInvis .       - Unarmed
rCold  . . .     Gourm    +     a - +0 robe
rNeg   . . .     Faith    .     b - +0 shield
rPois  .         Spirit   .     (helmet restricted)
rElec  .         Dismiss  .     (no cloak)
rCorr  .         Reflect  .     (gloves unavailable)
SustAt .         Harm     .     (boots unavailable)
MR     .....                    v - amulet of rage
Stlth  +.........               (no ring)
                                (no ring)

@: not resistant to hostile enchantments, very unstealthy
A: unfitting armour, claws 3, fast metabolism 3, gourmand, regeneration 2,
shaggy fur 1, tough skin 2
a: Recall Ancestor, Ancestor Identity, Renounce Religion, Evoke Berserk Rage


You were on level 14 of the Dungeon.
You worshipped Hepliaklqana.
Hepliaklqana was pleased with you.
You were very full.

You visited 2 branches of the dungeon, and saw 13 of its levels.

You collected 92 gold pieces.

Inventory:

Hand Weapons
 g - a +0 flail of holy wrath
Armour
 a - a +0 robe (worn)
 b - a +0 shield (worn)
Jewellery
 t - a cursed ring of teleportation {unknown}
 v - an amulet of rage (around neck)
Wands
 c - a wand of paralysis (10/24)
 s - a wand of flame (17/48)
 u - a wand of confusion (36/48)
 w - a wand of iceblast (5/15)
Scrolls
 e - 2 scrolls of remove curse {unknown}
 j - 5 scrolls of identify {unknown}
 l - a scroll of magic mapping {unknown}
 n - a scroll of enchant weapon {unknown}
 o - 2 scrolls of teleportation {unknown}
 q - a scroll of summoning {unknown}
 y - a scroll of enchant armour {unknown}
Potions
 f - 3 potions of magic {unknown}
 i - 2 potions of invisibility {unknown}
 m - a potion of cancellation {unknown}
 p - a potion of ambrosia {unknown}
 r - 2 potions of agility {unknown}
 x - a potion of mutation {unknown}
 z - a potion of lignification {unknown}
 A - a potion of curing {unknown}
Books
 h - a book of the Tempests

   Spells                             Type                      Level
   a - Static Discharge               Conjuration/Air              3
   b - Lightning Bolt                 Conjuration/Air              5
   c - Fireball                       Conjuration/Fire             5
   d - Tornado                        Air                          9
   e - Shatter                        Earth                        9
Comestibles
 d - 5 bread rations
 k - a meat ration


   Skills:
 - Level 2.4 Fighting
 - Level 2.4 Dodging
 - Level 2.4 Shields
 * Level 11.4 Unarmed Combat


You had 7 spell levels left.
You didn't know any spells.

Dungeon Overview and Level Annotations

Branches:
Dungeon (11/15)            Temple (1/1) D:4
   Lair: D:8-11         Orc: D:9-12

Altars:
Ashenzari
Cheibriados
Fedhas
Gozag
Hepliaklqana
Nemelex Xobeh
Pakellas
Qazlal
Ru
Sif Muna
Uskayaw
Vehumet
Xom
Zin
The Shining One

Shops:
D:4 }   D:7 %

Annotations:
D:7 exclusion: statue


Innate Abilities, Weirdness & Mutations

You are too large for most types of armour.
You have claws for hands.
Your metabolism is lightning-fast.
You like to eat raw meat.
You heal very quickly.
You are covered in fur. (AC +1)
You have very tough skin. (AC +2)


Message History

The cyan ugly thing is moderately wounded.
The cyan ugly thing kicks Aralgean Pharaoh but does no damage.
A cyan ugly thing comes into view.
You closely miss the cyan ugly thing.
The cyan ugly thing is moderately wounded.
The cyan ugly thing gurgles horribly!
The cyan ugly thing basks in the mutagenic energy from its kin and changes!
Aralgean Pharaoh hits the cyan ugly thing with a flail.
You hear a distant blaring wail to the northwest.
A cyan ugly thing comes into view.
Okay, then.
You mangle the cyan ugly thing!!
The cyan ugly thing is moderately wounded.
Aralgean Pharaoh hits the cyan ugly thing with a flail.
Unknown command.
You barely miss the cyan ugly thing.
The cyan ugly thing is moderately wounded.
Aralgean Pharaoh blocks the cyan ugly thing's attack.
Your shield prevents you from hitting the cyan ugly thing.
The cyan ugly thing is moderately wounded.
Aralgean Pharaoh misses the cyan ugly thing.
The cyan ugly thing tentacle-slaps Aralgean Pharaoh!
The cyan ugly thing shocks Aralgean Pharaoh!
Unknown command.
You mangle the cyan ugly thing!!
The cyan ugly thing is heavily wounded.
Aralgean Pharaoh hits the cyan ugly thing but does no damage.
The cyan ugly thing tentacle-slaps you!
* * * LOW HITPOINT WARNING * * *
The cyan ugly thing shocks you!
* * * LOW HITPOINT WARNING * * *
The cyan ugly thing basks in the mutagenic energy from its kin and changes!
Unknown command.
You mangle the cyan ugly thing!!
The cyan ugly thing is almost dead.
The cyan ugly thing basks in the mutagenic energy from its kin and changes!
The cyan ugly thing tentacle-slaps you!
* * * LOW HITPOINT WARNING * * *
The cyan ugly thing shocks you!
You die...

#. #...#
#.##...####
#.........#
#.........#
#....#....#
####...####
#...#
#u###R..#
#uuuu@.##
#.####.#
#.# #.# #.#
.# .# .#


You could see the friendly Aralgean Pharaoh the knight and 5 ugly things.

Vanquished Creatures
  Joseph (D:9)
  The ghost of deifeln the Insei, an amateur OpTm (D:4)
  An ogre (D:7)
  2 phantoms
  2 giant frogs
  A howler monkey (D:4)
  4 crimson imps
  A giant frog skeleton (D:9)
  2 hounds (D:4)
  A giant frog zombie (D:9)
  3 orc priests (D:4)
  2 jellies
  An iguana (D:8)
  4 orc wizards
  A hound skeleton (D:11)
  2 adders
  2 shadow imps
  A howler monkey simulacrum (D:9)
  A dart slug (D:2)
  9 orcs
  A bat zombie (D:1)
  A giant cockroach (D:4)
  5 jackals
  A giant cockroach zombie (D:1)
  5 giant newts
55 creatures vanquished.

Vanquished Creatures (collateral kills)
  Prince Ribbit (D:8)
  An ogre (D:5)
  A howler monkey (D:11)
3 creatures vanquished.

Grand Total: 58 creatures vanquished

Notes
Turn   | Place    | Note
-------+----------+-------------------------------------------
     0 | D:1      | Implojin the Troll Fighter began the quest for the Orb.
     0 | D:1      | Reached XP level 1. HP: 22/22 MP: 0/0
    50 | D:2      | Reached XP level 2. HP: 23/29 MP: 1/1
    68 | D:2      | Reached skill level 3 in Unarmed Combat
   169 | D:3      | Found a blossoming altar of Fedhas.
   173 | D:3      | Found a stormy altar of Qazlal.
   247 | D:4      | Found Boezoum's Gadget Emporium.
   279 | D:4      | Reached XP level 3. HP: 36/36 MP: 2/2
   285 | D:4      | Reached skill level 4 in Unarmed Combat
   285 | D:4      | Reached XP level 4. HP: 37/44 MP: 3/3
   334 | D:4      | Reached skill level 5 in Unarmed Combat
   334 | D:4      | Reached XP level 5. HP: 50/50 MP: 4/4
   373 | D:4      | Reached skill level 6 in Unarmed Combat
   400 | D:4      | Found a staircase to the Ecumenical Temple.
   409 | D:4      | Found an opulent altar of Gozag.
   411 | Temple   | Entered the Ecumenical Temple
   472 | Temple   | Became a worshipper of Hepliaklqana
   491 | D:4      | Reached XP level 6. HP: 59/59 MP: 5/5
   505 | D:4      | Noticed deifeln's ghost (amateur OpTm)
   513 | D:4      | Killed deifeln's ghost
   513 | D:4      | Reached skill level 7 in Unarmed Combat
   540 | D:5      | Entered Level 5 of the Dungeon
   652 | D:6      | Found a shattered altar of Ashenzari.
   661 | D:6      | Reached XP level 7. HP: 60/66 MP: 6/6
   669 | D:6      | Reached skill level 8 in Unarmed Combat
   767 | D:5      | Reached * piety under Hepliaklqana
   815 | D:7      | Found a radiant altar of Vehumet.
   860 | D:7      | Found a glowing golden altar of the Shining One.
   962 | D:8      | Reached skill level 9 in Unarmed Combat
   963 | D:8      | Noticed Prince Ribbit
   968 | D:8      | Killed Prince Ribbit
   968 | D:8      | Reached XP level 8. HP: 41/74 MP: 7/7
   982 | D:7      | Found Aptoshreimi's Food Boutique.
  1062 | D:9      | Noticed Joseph
  1080 | D:9      | Killed Joseph
  1080 | D:9      | Reached skill level 10 in Unarmed Combat
  1132 | D:10     | Entered Level 10 of the Dungeon
  1195 | D:11     | Reached ** piety under Hepliaklqana
  1196 | D:11     | Remembered your ancestor Aralgean Pharaoh as a knight
  1200 | D:11     | Reached skill level 11 in Unarmed Combat
  1341 | D:11     | You fall through a shaft for 3 floors!
  1349 | D:14     | Noticed a cyan ugly thing
  1351 | D:14     | Noticed a cyan ugly thing
  1352 | D:14     | Noticed a cyan ugly thing
  1354 | D:14     | Noticed a cyan ugly thing
  1355 | D:14     | Noticed a cyan ugly thing
  1359 | D:14     | Slain by a cyan ugly thing

Vault maps used:
D:1:      saegor_arrival_fortress
D:2:      lemuel_round_altar, lemuel_crystal_altar, old_standard_altar
D:3:      grunt_temple_overflow_forces_of_nature, first_bread
D:4:      lemuel_crystal_altar, portal_sewer_entry_a, serial_shops,
          shop_fountains, corexii_shack, minmay_misc_feat_room
D:5:      uniq_pikel, uniq_grinder
D:6:      cheibrodos_ashenzari_chains
D:7:      okawaru_trees_1, vehumet_statue, tso_oasis_becter, serial_shops, shop
D:8:      lemuel_mausoleum_altar_kikubaaqudgha, basic_altar,
          blue_anna_alchemist, uniq_prince_ribbit1, uniq_gastronok
D:9:      nicolae_dithmenos_through_a_glass_darkly, tgw_trog, serial_ice,
          serial_ice_n, serial_ice_i, serial_ice_f, serial_ice_c, serial_shops,
          shop, shop, kennysheep_mini, tso_altar, uniq_joseph
D:10:     minmay_orc_entry_temple_small
D:11:     due_lair_maze_entry_diamond, roderic_batcave, fedhas_altar_3
D:14:     david_vaults_4, infiniplex_staircase_9_rooms
Temple:   nicolae_temple_figure_zero

Skill      XL: |  1  2  3  4  5  6  7  8 |
---------------+-------------------------+-----
Unarmed Combat | 3 4 5 6 7 9 11 | 11.4
Fighting       | |  2.4
Dodging        | |  2.4
Shields        | |  2.4

Action                   |  1- 3 |  4- 6 |  7- 9 || total
-------------------------+-------+-------+-------++-------
Melee: Unarmed           |    60 |    51 |    87 ||   198
Invok: Ancestor Identity |       |     1 |       ||     1
       Recall Ancestor   |       |       |     1 ||     1
       Ancestor Life: Kn |       |       |     1 ||     1
  Use: Potion            |       |       |     1 ||     1
 Stab: Distracted        |       |       |     1 ||     1
       Sleeping          |       |       |     1 ||     1
  Eat: Chunk             |     2 |     7 |     7 ||    16
Armor: Robe              |    28 |     7 |    13 ||    48
Dodge: Dodged            |    36 |    19 |    25 ||    80
Block: Shield            |    30 |    17 |    29 ||    76

Table legend:
 A = Turns spent in this place as a percentage of turns spent in the entire game.
 B = Non-inter-level travel turns spent in this place as a percentage of non-inter-level travel turns spent in the entire game.
 C = Inter-level travel turns spent in this place as a percentage of turns spent in this place.
 D = Turns resting spent in this place as a percentage of non-inter-level travel turns spent in this place.
 E = Turns spent auto-exploring this place as a percentage of non-inter-level travel turns spent in this place.
 F = Non-inter-level travel turns spent in this place divided by the number of levels of this place that you've seen.
                   A       B       C       D       E      F
               +-------+-------+-------+-------+-------+----------------------
         Total | 100.0 | 100.0 |   0.0 |   0.0 |   0.0 | 103.8
       Dungeon |  93.9 |  93.9 |   0.0 |   0.0 |   0.0 | 105.6
        Temple |   6.1 |   6.1 |   0.0 |   0.0 |   0.0 |  82.0
               +-------+-------+-------+-------+-------+----------------------

Table legend:
 A = Kills in this place as a percentage of kills in entire the game.
 B = Kills by you in this place as a percentage of kills by you in the entire game.
 C = Kills by friends in this place as a percentage of kills by friends in the entire game.
 D = Other kills in this place as a percentage of other kills in the entire game.
 E = Experience gained in this place as a percentage of experience gained in the entire game.
 F = Experience gained in this place divided by the number of levels of this place that you have seen.
                   A       B       C       D       E      F
               +-------+-------+-------+-------+-------+----------------------
         Total | 100.0 | 100.0 | 100.0 |  -nan | 100.0 | 197.1
       Dungeon | 100.0 | 100.0 | 100.0 |  -nan | 100.0 | 213.5
               +-------+-------+-------+-------+-------+----------------------
